Capitals vs Oilers
(R1)
Created - 28 octobre 2012 at 22:12
Simulating a Pre-Season
Goals
|
| Capitals |
0 |
0 |
1 |
1 |
| Oilers |
0 |
2 |
2 |
4 |
|
Shots
|
| Capitals |
6 |
7 |
15 |
28 |
| Oilers |
6 |
10 |
16 |
32 |
|
1st period
No Goal
Penalties :
Glen Murray (Edm) for Holding (Minor) at 2:10, Patrick Marleau (Edm) for Interference (Minor) at 5:29, Andrew Brunette (Was) for Interference (Minor) at 15:32, Alex Tanguay (Was) for Interference (Minor) at 17:04
2nd period
1. Oilers , Patrick Marleau 1 (Pierre-Marc Bouchard) at 1:24
2. Oilers , Scott Niedermayer 1 (Pierre-Marc Bouchard) at 2:40 (PP)
Penalties :
Andrew Brunette (Was) for Goalie Interference (Minor) at 2:10, Scott Niedermayer (Edm) for Interference (Minor) at 6:28, Ilya Kovalchuk (Edm) for Tripping (Minor) at 12:49, Andrew Brunette (Was) for Tripping (Minor) at 18:49
3rd period
3. Oilers , Joe Pavelski 1 (Steve Begin, Ilya Kovalchuk) at 4:55 (PP)
4. Capitals , Sergei Gonchar 1 (Nicklas Backstrom, Evgeni Malkin) at 5:30
5. Oilers , Pascal Dupuis 1 (Vernon Fiddler) at 13:19
Penalties :
Evgeni Malkin (Was) for Hooking (Minor) at 4:49, Ilya Kovalchuk (Edm) for Holding (Minor) at 5:33, Ian White (Edm) for Hooking (Minor) at 8:41, Eric Nystrom (Edm) for Interference (Minor) at 17:39
Goalie Stats
Marty Turco (Was), 28 saves from 32 shots - (0,875), L, 0-1-0, 60:00 minutes
Cam Ward (Edm), 27 saves from 28 shots - (0,964), W, 1-0-0, 60:00 minutes
Players Stats for Capitals
Player Name G A P +/- PIM S H SB GA TA FO MP PP MP PK MP
------------------------------------------------------------------------------------
Ales Hemsky 0 0 0 0 0 1 0 0 1 0 0/0 8:07 0:09 0:00
Alex Tanguay 0 0 0 0 2 1 3 0 2 0 0/0 17:55 6:34 0:18
Andrew Brunette 0 0 0 0 6 1 1 0 0 0 0/0 9:11 0:09 0:14
Anton Volchenkov 0 0 0 0 0 0 2 0 1 0 0/0 11:37 0:29 0:06
Anze Kopitar 0 0 0 0 0 6 3 0 2 0 5/8 16:20 6:34 1:41
Blake Wheeler 0 0 0 0 0 1 0 2 1 0 0/0 18:39 6:34 1:26
Brian Rafalski 0 0 0 0 0 2 3 1 1 1 0/0 25:29 8:49 4:10
Brian Rolston 0 0 0 0 0 2 0 0 0 0 0/1 8:13 0:00 0:00
Corey Perry 0 0 0 -1 0 3 0 0 1 0 0/2 20:51 7:10 0:57
Dennis Wideman 0 0 0 0 0 0 1 0 1 0 0/0 22:39 5:04 1:56
Evgeni Malkin 0 1 1 -1 2 4 1 2 0 1 19/36 23:54 7:10 3:34
Jason Chimera 0 0 0 0 0 0 1 0 1 1 0/0 7:47 0:00 0:00
Johnny Boychuk 0 0 0 -1 0 2 0 0 0 1 0/0 11:52 0:00 0:00
Jordan Staal 0 0 0 0 0 1 0 2 0 0 4/9 12:23 0:09 3:34
Nicklas Backstrom 0 1 1 0 0 0 0 1 0 0 2/8 10:32 0:00 0:00
Sergei Gonchar 1 0 1 0 0 3 1 0 1 0 0/0 29:15 8:49 4:10
Thomas Vanek 0 0 0 -1 0 1 0 1 0 0 1/1 19:30 7:10 0:00
Toni Lydman 0 0 0 -1 0 0 2 2 0 1 0/0 19:08 4:35 1:50
Players Stats for Oilers
Player Name G A P +/- PIM S H SB GA TA FO MP PP MP PK MP
------------------------------------------------------------------------------------
Dan Hamhuis 0 0 0 1 0 1 0 1 0 0 0/0 14:34 3:05 1:11
Eric Nystrom 0 0 0 1 2 2 1 1 0 1 0/0 13:11 0:13 5:56
Erik Rasmussen 0 0 0 -1 0 3 0 1 0 0 6/12 16:10 0:00 6:32
Glen Murray 0 0 0 -1 2 3 2 0 0 2 0/1 12:35 1:19 0:00
Ian White 0 0 0 1 2 0 1 3 0 2 0/0 22:31 3:01 6:10
Ilya Kovalchuk 0 1 1 0 4 9 4 0 1 0 1/2 19:00 2:24 1:25
Joe Pavelski 1 0 1 0 0 2 2 0 0 0 0/0 15:52 2:22 0:00
Jonathan Toews 0 0 0 0 0 0 1 1 0 1 9/14 11:19 2:23 0:15
Karel Pilar 0 0 0 0 0 1 0 0 0 1 0/0 11:47 0:51 0:15
Mark Fistric 0 0 0 0 0 0 1 1 0 1 0/0 20:55 3:05 7:05
Pascal Dupuis 1 0 1 1 0 2 1 0 0 0 0/0 6:07 0:21 0:00
Patrick Kaleta 0 0 0 1 0 1 1 0 0 0 0/1 11:38 2:39 0:00
Patrick Marleau 1 0 1 1 2 1 1 0 0 0 4/12 17:09 2:41 0:34
Pierre-Marc Bouchard 0 2 2 1 0 2 3 0 0 0 5/8 11:40 2:41 0:00
Rob Scuderi 0 0 0 0 0 0 1 2 0 1 0/0 24:02 0:00 6:48
Scott Niedermayer 1 0 1 0 2 4 3 2 3 1 0/0 26:52 2:10 6:17
Steve Begin 0 1 1 -1 0 0 2 0 1 0 3/4 16:53 1:15 6:11
Vernon Fiddler 0 1 1 1 0 1 2 0 0 2 6/11 13:45 0:00 6:53
3 Stars
1 - Cam Ward (Edm)
2 - Pierre-Marc Bouchard (Edm)
3 - Pascal Dupuis (Edm)
Power Play
Capitals - 0 on 7 Attempt(s) - 0,00%
Oilers - 2 on 5 Attempt(s) - 40,00%
Penalty Kill
Capitals - 3 on 5 Attempt(s) - 60,00%
- Score 0 goal in Penalty Kill
Oilers - 7 on 7 Attempt(s) - 100,00%
- Score 0 goal in Penalty Kill
Official
Referees : Dwyer Gord and McCreary Bill
Linesman : Vaughan Rody and Scott Cherrey
Game Notes
Jonathan Toews is injured at 1:17 of 3rd period (Right Ankle)
4:55 of 3rd period - Oilers goal is going for a video replay. After video review, Goal.
Capitals
5 vs 5 Forward
Center Left Wing Right Wing Time % Phy DF OF
1 Evgeni Malkin Thomas Vanek Corey Perry 40 0 1 4
2 Nicklas Backstrom Alex Tanguay Blake Wheeler 30 0 2 3
3 Anze Kopitar Andrew Brunette Brian Rolston 20 1 2 2
4 Jordan Staal Jason Chimera Ales Hemsky 10 1 2 2
5 vs 5 Defense
Defense Defense Time % Phy DF OF
1 Sergei Gonchar Dennis Wideman 40 1 2 2
2 Anton Volchenkov Brian Rafalski 30 1 2 2
3 Johnny Boychuk Toni Lydman 20 1 2 2
4 Brian Rafalski Sergei Gonchar 10 1 2 2
PowerPlay Forward
Center Left Wing Right Wing Time % Phy DF OF
1 Evgeni Malkin Thomas Vanek Corey Perry 60 0 0 5
2 Anze Kopitar Alex Tanguay Blake Wheeler 40 0 0 5
PowerPlay Defense
Defense Defense Time % Phy DF OF
1 Sergei Gonchar Brian Rafalski 60 1 2 2
2 Toni Lydman Dennis Wideman 40 1 2 2
Penalty Kill 4 Players Forward
Center Wing Time % Phy DF OF
1 Jordan Staal Evgeni Malkin 60 1 2 2
2 Anze Kopitar Blake Wheeler 40 1 2 2
Penalty Kill 4 Players Defense
Defense Defense Time % Phy DF OF
1 Sergei Gonchar Brian Rafalski 60 1 2 2
2 Toni Lydman Dennis Wideman 40 1 2 2
Penalty Kill - 3 Players Forward
Forward Time % Phy DF OF
1 Jordan Staal 60 1 2 2
2 Anze Kopitar 40 1 2 2
Penalty Kill - 3 Players Defense
Defense Defense Time % Phy DF OF
1 Sergei Gonchar Brian Rafalski 60 1 2 2
2 Toni Lydman Dennis Wideman 40 1 2 2
4 vs 4 Forward
Center Wing Time % Phy DF OF
1 Evgeni Malkin Corey Perry 60 1 2 2
2 Anze Kopitar Thomas Vanek 40 1 2 2
4 vs 4 Defense
Defense Defense Time % Phy DF OF
1 Sergei Gonchar Brian Rafalski 60 1 2 2
2 Toni Lydman Dennis Wideman 40 1 2 2
Last Minutes Offensive
Center Left Wing Right Wing Defense Defense
Evgeni Malkin Anze Kopitar Corey Perry Sergei Gonchar Brian Rafalski
Last Minutes Defensive
Center Left Wing Right Wing Defense Defense
Jordan Staal Anze Kopitar Corey Perry Sergei Gonchar Brian Rafalski
Goaltenders
Starting : Marty Turco
Backup : Ty Conklin
Extra Forwards
Normal : Evgeni Malkin, Corey Perry, Thomas Vanek - PP : Evgeni Malkin, Corey Perry - PK : Corey Perry
Extra Defensemen
Normal : Anton Volchenkov, Brian Rafalski, Sergei Gonchar - PP : Sergei Gonchar - PK : Anton Volchenkov, Dennis Wideman
Penalty Shots
Evgeni Malkin, Anze Kopitar, Corey Perry, Thomas Vanek, Blake Wheeler
Oilers
5 vs 5 Forward
Center Left Wing Right Wing Time % Phy DF OF
1 Jonathan Toews Ilya Kovalchuk Joe Pavelski 40 1 1 3
2 Pierre-Marc Bouchard Patrick Marleau Patrick Kaleta 30 1 1 3
3 Erik Rasmussen Steve Begin Glen Murray 20 1 2 2
4 Vernon Fiddler Eric Nystrom Pascal Dupuis 10 1 2 2
5 vs 5 Defense
Defense Defense Time % Phy DF OF
1 Scott Niedermayer Rob Scuderi 40 1 2 2
2 Ian White Dan Hamhuis 30 1 2 2
3 Karel Pilar Mark Fistric 20 1 2 2
4 Scott Niedermayer Ian White 10 1 2 2
PowerPlay Forward
Center Left Wing Right Wing Time % Phy DF OF
1 Jonathan Toews Ilya Kovalchuk Joe Pavelski 50 1 2 2
2 Pierre-Marc Bouchard Patrick Marleau Patrick Kaleta 50 1 2 2
PowerPlay Defense
Defense Defense Time % Phy DF OF
1 Scott Niedermayer Ian White 50 1 2 2
2 Dan Hamhuis Mark Fistric 50 1 2 2
Penalty Kill 4 Players Forward
Center Wing Time % Phy DF OF
1 Erik Rasmussen Steve Begin 50 1 2 2
2 Vernon Fiddler Eric Nystrom 50 1 2 2
Penalty Kill 4 Players Defense
Defense Defense Time % Phy DF OF
1 Scott Niedermayer Mark Fistric 50 1 2 2
2 Ian White Rob Scuderi 50 1 2 2
Penalty Kill - 3 Players Forward
Forward Time % Phy DF OF
1 Ilya Kovalchuk 60 1 2 2
2 Erik Rasmussen 40 1 2 2
Penalty Kill - 3 Players Defense
Defense Defense Time % Phy DF OF
1 Scott Niedermayer Mark Fistric 60 1 2 2
2 Ian White Rob Scuderi 40 1 2 2
4 vs 4 Forward
Center Wing Time % Phy DF OF
1 Jonathan Toews Ilya Kovalchuk 50 1 2 2
2 Pierre-Marc Bouchard Patrick Marleau 50 1 2 2
4 vs 4 Defense
Defense Defense Time % Phy DF OF
1 Scott Niedermayer Rob Scuderi 50 1 2 2
2 Ian White Dan Hamhuis 50 1 2 2
Last Minutes Offensive
Center Left Wing Right Wing Defense Defense
Pierre-Marc Bouchard Ilya Kovalchuk Patrick Marleau Scott Niedermayer Ian White
Last Minutes Defensive
Center Left Wing Right Wing Defense Defense
Pierre-Marc Bouchard Ilya Kovalchuk Patrick Marleau Scott Niedermayer Ian White
Goaltenders
Starting : Cam Ward
Backup : Sebastien Caron
Extra Forwards
Normal : Patrick Marleau, Glen Murray, Ilya Kovalchuk - PP : Steve Begin, Glen Murray - PK : Ilya Kovalchuk
Extra Defensemen
Normal : Dan Hamhuis, Scott Niedermayer, Ian White - PP : Karel Pilar - PK : Dan Hamhuis, Karel Pilar
Penalty Shots
Ilya Kovalchuk, Patrick Marleau, Scott Niedermayer, Pierre-Marc Bouchard, Joe Pavelski
% Time on Ice - Capitals
Lines # - Real PCT - Wanted PCT - Time Play
Normal Forward
1 - 33% - 40% - 13:22
2 - 27% - 30% - 10:39
3 - 21% - 20% - 8:13
4 - 19% - 10% - 7:47
Normal Defense
1 - 42% - 40% - 16:41
2 - 26% - 30% - 10:26
3 - 30% - 20% - 11:52
4 - 3% - 10% - 1:02
PP Forward
1 - 53% - 60% - 7:19
2 - 47% - 40% - 6:34
PP Defense
1 - 64% - 60% - 8:49
2 - 36% - 40% - 5:04
PK Forward
1 - 71% - 60% - 3:59
2 - 29% - 40% - 1:40
PK Defense
1 - 66% - 60% - 3:43
2 - 34% - 40% - 1:56
PK3 Forward
1 - 96% - 60% - 0:26
2 - 4% - 40% - 0:01
PK3 Defense
1 - 100% - 60% - 0:27
2 - 0% - 40% - 0:00
44 Forward
1 - 0% - 60%
2 - 0% - 40%
44 Defense
1 - 0% - 60%
2 - 0% - 40%
Last Minute Offensive - 0:00
Last Minute Defensive - 0:00
Total
Forward - 60:00
Defense - 60:00
|
% Time on Ice - Oilers
Lines # - Real PCT - Wanted PCT - Time Play
Normal Forward
1 - 39% - 40% - 15:42
2 - 25% - 30% - 10:05
3 - 21% - 20% - 8:28
4 - 14% - 10% - 5:46
Normal Defense
1 - 40% - 40% - 16:03
2 - 32% - 30% - 12:46
3 - 24% - 20% - 9:43
4 - 4% - 10% - 1:29
PP Forward
1 - 44% - 50% - 2:42
2 - 56% - 50% - 3:24
PP Defense
1 - 49% - 50% - 3:01
2 - 51% - 50% - 3:05
PK Forward
1 - 48% - 50% - 6:36
2 - 52% - 50% - 7:17
PK Defense
1 - 51% - 50% - 7:05
2 - 49% - 50% - 6:48
PK3 Forward
1 - 0% - 60%
2 - 0% - 40%
PK3 Defense
1 - 0% - 60%
2 - 0% - 40%
44 Forward
1 - 0% - 50%
2 - 0% - 50%
44 Defense
1 - 0% - 50%
2 - 0% - 50%
Last Minute Offensive - 0:00
Last Minute Defensive - 0:00
Total
Forward - 60:00
Defense - 60:00
|
Play by Play
1st period
0:01 of 1st period - Jonathan Toews wins face-off versus Evgeni Malkin in neutral zone.
0:16 of 1st period - Snap shot by Ilya Kovalchuk.
0:16 of 1st period - Shot Misses the Net.
1:10 of 1st period - Eric Nystrom is hit by Brian Rafalski and loses puck.
1:15 of 1st period - Snap shot by Ales Hemsky.
1:15 of 1st period - Shot Misses the Net.
1:17 of 1st period - Wrist shot by Jordan Staal.
1:17 of 1st period - Shot Blocked by Ian White.
1:19 of 1st period - Slapshot by Brian Rafalski.
1:19 of 1st period - Stopped by Cam Ward without a rebound.
1:20 of 1st period - Jonathan Toews wins face-off versus Evgeni Malkin in Oilers zone.
1:27 of 1st period - Snap shot by Ilya Kovalchuk.
1:27 of 1st period - Stopped by Marty Turco with a rebound.
1:42 of 1st period - Icing by Ilya Kovalchuk.
1:43 of 1st period - Pierre-Marc Bouchard wins face-off versus Nicklas Backstrom in Oilers zone.
1:54 of 1st period - Snap shot by Pierre-Marc Bouchard.
1:54 of 1st period - Shot Misses the Net.
2:07 of 1st period - Off-side.
2:08 of 1st period - Evgeni Malkin wins face-off versus Erik Rasmussen in neutral zone.
2:10 of 1st period - Minor Penalty to Glen Murray for Holding.
2:11 of 1st period - Evgeni Malkin wins face-off versus Erik Rasmussen in Oilers zone.
2:12 of 1st period - Wrist shot by Thomas Vanek.
2:12 of 1st period - Shot Misses the Net.
2:14 of 1st period - Slapshot by Sergei Gonchar.
2:14 of 1st period - Shot Blocked by Mark Fistric.
2:16 of 1st period - Slapshot by Sergei Gonchar.
2:16 of 1st period - Stopped by Cam Ward without a rebound.
2:17 of 1st period - Erik Rasmussen wins face-off versus Evgeni Malkin in Oilers zone.
2:46 of 1st period - Snap shot by Alex Tanguay.
2:46 of 1st period - Shot Blocked by Eric Nystrom.
2:48 of 1st period - Snap shot by Anze Kopitar.
2:48 of 1st period - Stopped by Cam Ward without a rebound.
2:49 of 1st period - Anze Kopitar wins face-off versus Steve Begin in Oilers zone.
3:01 of 1st period - Backhand shot by Blake Wheeler.
3:01 of 1st period - Shot Misses the Net.
3:31 of 1st period - Vernon Fiddler is hit by Anze Kopitar and loses puck.
3:59 of 1st period - Icing by Brian Rafalski.
4:00 of 1st period - Vernon Fiddler wins face-off versus Anze Kopitar in Capitals zone.
4:10 of 1st period - Penalty to Glen Murray is over, Glen Murray is back on ice.
4:20 of 1st period - Rob Scuderi is hit by Evgeni Malkin and loses puck.
4:28 of 1st period - Icing by Rob Scuderi.
4:29 of 1st period - Jordan Staal wins face-off versus Vernon Fiddler in Oilers zone.
4:40 of 1st period - Snap shot by Eric Nystrom.
4:40 of 1st period - Shot Blocked by Jordan Staal.
4:42 of 1st period - Wrist shot by Eric Nystrom.
4:42 of 1st period - Stopped by Marty Turco with a rebound.
5:02 of 1st period - Wrist shot by Eric Nystrom.
5:02 of 1st period - Shot Misses the Net.
5:04 of 1st period - Wrist shot by Rob Scuderi.
5:04 of 1st period - Shot Blocked by Toni Lydman.
5:06 of 1st period - Snap shot by Eric Nystrom.
5:06 of 1st period - Shot Misses the Net.
5:08 of 1st period - Wrist shot by Eric Nystrom.
5:08 of 1st period - Deflect By Glen Murray.
5:08 of 1st period - Shot Misses the Net.
5:08 of 1st period - Puck is out of play.
5:09 of 1st period - Evgeni Malkin wins face-off versus Ilya Kovalchuk in Capitals zone.
5:18 of 1st period - Snap shot by Corey Perry.
5:18 of 1st period - Shot Misses the Net.
5:29 of 1st period - Minor Penalty to Patrick Marleau for Interference.
5:30 of 1st period - Erik Rasmussen wins face-off versus Evgeni Malkin in Oilers zone.
5:55 of 1st period - Alex Tanguay is hit by Vernon Fiddler and loses puck.
7:29 of 1st period - Penalty to Patrick Marleau is over, Patrick Marleau is back on ice.
7:31 of 1st period - Sergei Gonchar is hit by Patrick Marleau.
7:59 of 1st period - Erik Rasmussen is hit by Anze Kopitar and loses puck.
8:10 of 1st period - Slapshot by Ilya Kovalchuk.
8:10 of 1st period - Stopped by Marty Turco with a rebound.
10:13 of 1st period - Thomas Vanek is hit by Pascal Dupuis and loses puck.
10:53 of 1st period - Ales Hemsky is hit by Joe Pavelski and loses puck.
11:16 of 1st period - Sergei Gonchar is hit by Vernon Fiddler and loses puck.
13:31 of 1st period - Thomas Vanek is hit by Scott Niedermayer and loses puck.
13:38 of 1st period - Rob Scuderi is hit by Anton Volchenkov and loses puck.
13:42 of 1st period - Icing by Scott Niedermayer.
13:43 of 1st period - Nicklas Backstrom wins face-off versus Jonathan Toews in Oilers zone.
13:50 of 1st period - Slapshot by Blake Wheeler.
13:50 of 1st period - Shot Blocked by Jonathan Toews.
13:52 of 1st period - Slapshot by Brian Rafalski.
13:52 of 1st period - Deflect By Alex Tanguay.
13:52 of 1st period - Stopped by Cam Ward with a rebound.
13:54 of 1st period - Slapshot by Johnny Boychuk.
13:54 of 1st period - Stopped by Cam Ward with a rebound.
13:56 of 1st period - Snap shot by Alex Tanguay.
13:56 of 1st period - Shot Misses the Net.
13:58 of 1st period - Wrist shot by Johnny Boychuk.
13:58 of 1st period - Stopped by Cam Ward with a rebound.
15:03 of 1st period - Wrist shot by Ilya Kovalchuk.
15:03 of 1st period - Shot Blocked by Toni Lydman.
15:05 of 1st period - Slapshot by Scott Niedermayer.
15:05 of 1st period - Shot Misses the Net.
15:19 of 1st period - Slapshot by Ilya Kovalchuk.
15:19 of 1st period - Shot Misses the Net.
15:27 of 1st period - Snap shot by Ilya Kovalchuk.
15:27 of 1st period - Stopped by Marty Turco with a rebound.
15:29 of 1st period - Snap shot by Ilya Kovalchuk.
15:29 of 1st period - Stopped by Marty Turco with a rebound.
15:31 of 1st period - Wrist shot by Ilya Kovalchuk.
15:31 of 1st period - Stopped by Marty Turco with a rebound.
15:32 of 1st period - Minor Penalty to Andrew Brunette for Interference.
15:33 of 1st period - Jordan Staal wins face-off versus Patrick Kaleta in Capitals zone.
16:54 of 1st period - Pierre-Marc Bouchard is hit by Alex Tanguay and loses puck.
17:04 of 1st period - Minor Penalty to Alex Tanguay for Interference.
17:05 of 1st period - Pierre-Marc Bouchard wins face-off versus Jordan Staal in Capitals zone.
17:32 of 1st period - Penalty to Andrew Brunette is over, Andrew Brunette is back on ice.
18:41 of 1st period - Dennis Wideman is hit by Pierre-Marc Bouchard and loses puck.
19:00 of 1st period - Toni Lydman is hit by Mark Fistric and loses puck.
19:04 of 1st period - Penalty to Alex Tanguay is over, Alex Tanguay is back on ice.
19:11 of 1st period - Evgeni Malkin is hit by Eric Nystrom and loses puck.
2nd period
0:01 of 2nd period - Evgeni Malkin wins face-off versus Pierre-Marc Bouchard in neutral zone.
0:15 of 2nd period - Slapshot by Pierre-Marc Bouchard.
0:15 of 2nd period - Stopped by Marty Turco without a rebound.
0:16 of 2nd period - Jonathan Toews wins face-off versus Nicklas Backstrom in Capitals zone.
0:19 of 2nd period - Snap shot by Ilya Kovalchuk.
0:19 of 2nd period - Shot Misses the Net.
1:17 of 2nd period - Nicklas Backstrom is hit by Patrick Kaleta and loses puck.
1:22 of 2nd period - Wrist shot by Pierre-Marc Bouchard.
1:22 of 2nd period - Stopped by Marty Turco with a rebound.
1:24 of 2nd period - Snap shot by Patrick Marleau.
1:24 of 2nd period - Goal by Patrick Marleau - Capitals : 0 - Oilers : 1.
1:25 of 2nd period - Jonathan Toews wins face-off versus Evgeni Malkin in neutral zone.
1:52 of 2nd period - Brian Rolston is hit by Glen Murray and loses puck.
2:00 of 2nd period - Icing by Brian Rolston.
2:01 of 2nd period - Anze Kopitar wins face-off versus Jonathan Toews in Capitals zone.
2:06 of 2nd period - Ian White is hit by Toni Lydman and loses puck.
2:10 of 2nd period - Minor Penalty to Andrew Brunette for Goalie Interference.
2:11 of 2nd period - Jordan Staal wins face-off versus Jonathan Toews in Capitals zone.
2:40 of 2nd period - Slapshot by Scott Niedermayer.
2:40 of 2nd period - Goal by Scott Niedermayer - Capitals : 0 - Oilers : 2.
2:41 of 2nd period - Jonathan Toews wins face-off versus Evgeni Malkin in neutral zone.
3:08 of 2nd period - Icing by Dennis Wideman.
3:09 of 2nd period - Steve Begin wins face-off versus Nicklas Backstrom in Capitals zone.
3:10 of 2nd period - Snap shot by Glen Murray.
3:10 of 2nd period - Shot Misses the Net.
3:12 of 2nd period - Slapshot by Erik Rasmussen.
3:12 of 2nd period - Stopped by Marty Turco with a rebound.
3:14 of 2nd period - Wrist shot by Glen Murray.
3:14 of 2nd period - Stopped by Marty Turco with a rebound.
3:28 of 2nd period - Karel Pilar is hit by Alex Tanguay and loses puck.
3:51 of 2nd period - Snap shot by Blake Wheeler.
3:51 of 2nd period - Shot Misses the Net.
4:15 of 2nd period - Snap shot by Blake Wheeler.
4:15 of 2nd period - Shot Misses the Net.
4:47 of 2nd period - Wrist shot by Erik Rasmussen.
4:47 of 2nd period - Deflect By Brian Rafalski.
4:47 of 2nd period - Shot Blocked by Blake Wheeler.
4:47 of 2nd period - Puck is out of play.
4:48 of 2nd period - Evgeni Malkin wins face-off versus Jonathan Toews in Capitals zone.
4:53 of 2nd period - Slapshot by Dennis Wideman.
4:53 of 2nd period - Shot Misses the Net.
5:13 of 2nd period - Anze Kopitar is hit by Pierre-Marc Bouchard and loses puck.
5:38 of 2nd period - Snap shot by Ales Hemsky.
5:38 of 2nd period - Shot Blocked by Ian White.
5:40 of 2nd period - Backhand shot by Johnny Boychuk.
5:40 of 2nd period - Deflect By Jordan Staal.
5:40 of 2nd period - Stopped by Cam Ward with a rebound.
5:42 of 2nd period - Slapshot by Johnny Boychuk.
5:42 of 2nd period - Shot Misses the Net.
5:44 of 2nd period - Wrist shot by Jordan Staal.
5:44 of 2nd period - Shot Misses the Net.
5:54 of 2nd period - Johnny Boychuk is hit by Ilya Kovalchuk and loses puck.
6:00 of 2nd period - Off-side.
6:01 of 2nd period - Anze Kopitar wins face-off versus Pierre-Marc Bouchard in neutral zone.
6:06 of 2nd period - Snap shot by Anze Kopitar.
6:06 of 2nd period - Stopped by Cam Ward with a rebound.
6:28 of 2nd period - Minor Penalty to Scott Niedermayer for Interference.
6:29 of 2nd period - Vernon Fiddler wins face-off versus Evgeni Malkin in Oilers zone.
6:38 of 2nd period - Wrist shot by Vernon Fiddler.
6:38 of 2nd period - Shot Blocked by Brian Rafalski.
6:54 of 2nd period - Rob Scuderi is hit by Brian Rafalski and loses puck.
7:34 of 2nd period - Wrist shot by Evgeni Malkin.
7:34 of 2nd period - Shot Blocked by Erik Rasmussen.
8:24 of 2nd period - Backhand shot by Ilya Kovalchuk.
8:24 of 2nd period - Stopped by Marty Turco with a rebound.
8:28 of 2nd period - Penalty to Scott Niedermayer is over, Scott Niedermayer is back on ice.
9:10 of 2nd period - Ales Hemsky is hit by Ian White and loses puck.
9:36 of 2nd period - Snap shot by Ales Hemsky.
9:36 of 2nd period - Shot Blocked by Scott Niedermayer.
9:38 of 2nd period - Snap shot by Jordan Staal.
9:38 of 2nd period - Shot Misses the Net.
9:40 of 2nd period - Wrist shot by Ales Hemsky.
9:40 of 2nd period - Stopped by Cam Ward without a rebound.
9:41 of 2nd period - Erik Rasmussen wins face-off versus Evgeni Malkin in Oilers zone.
9:47 of 2nd period - Off-side.
9:48 of 2nd period - Erik Rasmussen wins face-off versus Evgeni Malkin in neutral zone.
9:59 of 2nd period - Snap shot by Erik Rasmussen.
9:59 of 2nd period - Stopped by Marty Turco without a rebound.
10:00 of 2nd period - Evgeni Malkin wins face-off versus Erik Rasmussen in Capitals zone.
10:00 of 2nd period - Evgeni Malkin is hit by Glen Murray.
10:08 of 2nd period - Wrist shot by Erik Rasmussen.
10:08 of 2nd period - Shot Misses the Net.
10:10 of 2nd period - Slapshot by Glen Murray.
10:10 of 2nd period - Shot Misses the Net.
10:12 of 2nd period - Snap shot by Steve Begin.
10:12 of 2nd period - Shot Misses the Net.
10:14 of 2nd period - Slapshot by Karel Pilar.
10:14 of 2nd period - Stopped by Marty Turco without a rebound.
10:15 of 2nd period - Vernon Fiddler wins face-off versus Evgeni Malkin in Capitals zone.
11:03 of 2nd period - Pierre-Marc Bouchard is hit by Anze Kopitar and loses puck.
11:08 of 2nd period - Wrist shot by Anze Kopitar.
11:08 of 2nd period - Stopped by Cam Ward with a rebound.
11:28 of 2nd period - Joe Pavelski is hit by Toni Lydman and loses puck.
11:51 of 2nd period - Snap shot by Vernon Fiddler.
11:51 of 2nd period - Stopped by Marty Turco with a rebound.
12:15 of 2nd period - Toni Lydman is hit by Steve Begin and loses puck.
12:30 of 2nd period - Slapshot by Anze Kopitar.
12:30 of 2nd period - Stopped by Cam Ward with a rebound.
12:49 of 2nd period - Minor Penalty to Ilya Kovalchuk for Tripping.
12:50 of 2nd period - Thomas Vanek wins face-off versus Vernon Fiddler in Oilers zone.
13:03 of 2nd period - Wrist shot by Evgeni Malkin.
13:03 of 2nd period - Shot Blocked by Rob Scuderi.
14:21 of 2nd period - Steve Begin is hit by Anton Volchenkov and loses puck.
14:49 of 2nd period - Penalty to Ilya Kovalchuk is over, Ilya Kovalchuk is back on ice.
15:56 of 2nd period - Snap shot by Joe Pavelski.
15:56 of 2nd period - Shot Blocked by Jordan Staal.
16:02 of 2nd period - Snap shot by Glen Murray.
16:02 of 2nd period - Shot Misses the Net.
16:43 of 2nd period - Anton Volchenkov is hit by Scott Niedermayer and loses puck.
16:53 of 2nd period - Icing by Scott Niedermayer.
16:54 of 2nd period - Erik Rasmussen wins face-off versus Corey Perry in Oilers zone.
17:06 of 2nd period - Icing by Sergei Gonchar.
17:07 of 2nd period - Jonathan Toews wins face-off versus Evgeni Malkin in Capitals zone.
17:28 of 2nd period - Slapshot by Thomas Vanek.
17:28 of 2nd period - Stopped by Cam Ward with a rebound.
18:14 of 2nd period - Slapshot by Evgeni Malkin.
18:14 of 2nd period - Stopped by Cam Ward without a rebound.
18:15 of 2nd period - Jonathan Toews wins face-off versus Nicklas Backstrom in Oilers zone.
18:26 of 2nd period - Snap shot by Ilya Kovalchuk.
18:26 of 2nd period - Shot Blocked by Nicklas Backstrom.
18:37 of 2nd period - Icing by Joe Pavelski.
18:38 of 2nd period - Jonathan Toews wins face-off versus Anze Kopitar in Oilers zone.
18:38 of 2nd period - Jonathan Toews is hit by Andrew Brunette.
18:49 of 2nd period - Minor Penalty to Andrew Brunette for Tripping.
18:50 of 2nd period - Ilya Kovalchuk wins face-off versus Jordan Staal in Capitals zone.
19:03 of 2nd period - Sergei Gonchar is hit by Ilya Kovalchuk and loses puck.
19:59 of 2nd period - Jordan Staal is hit by Pierre-Marc Bouchard and loses puck.
3rd period
0:01 of 3rd period - Jordan Staal wins face-off versus Jonathan Toews in neutral zone.
0:34 of 3rd period - Sergei Gonchar is hit by Jonathan Toews and loses puck.
0:39 of 3rd period - Wrist shot by Ilya Kovalchuk.
0:39 of 3rd period - Stopped by Marty Turco without a rebound.
0:40 of 3rd period - Patrick Marleau wins face-off versus Jordan Staal in Capitals zone.
0:43 of 3rd period - Slapshot by Scott Niedermayer.
0:43 of 3rd period - Stopped by Marty Turco without a rebound.
0:44 of 3rd period - Pierre-Marc Bouchard wins face-off versus Jordan Staal in Capitals zone.
0:49 of 3rd period - Penalty to Andrew Brunette is over, Andrew Brunette is back on ice.
0:57 of 3rd period - Slapshot by Andrew Brunette.
0:57 of 3rd period - Shot Misses the Net.
0:59 of 3rd period - Wrist shot by Andrew Brunette.
0:59 of 3rd period - Shot Blocked by Scott Niedermayer.
1:01 of 3rd period - Wrist shot by Evgeni Malkin.
1:01 of 3rd period - Shot Blocked by Ian White.
1:15 of 3rd period - Backhand shot by Andrew Brunette.
1:15 of 3rd period - Stopped by Cam Ward without a rebound.
1:16 of 3rd period - Jonathan Toews wins face-off versus Nicklas Backstrom in Oilers zone.
1:16 of 3rd period - Jonathan Toews is hit by Alex Tanguay.
1:17 of 3rd period - Jonathan Toews from Oilers is injured at 1:17 of 3rd period (Right Ankle).
1:18 of 3rd period - Evgeni Malkin wins face-off versus Patrick Marleau in Oilers zone.
1:19 of 3rd period - Slapshot by Corey Perry.
1:19 of 3rd period - Stopped by Cam Ward without a rebound.
1:20 of 3rd period - Evgeni Malkin wins face-off versus Patrick Marleau in Oilers zone.
1:54 of 3rd period - Snap shot by Glen Murray.
1:54 of 3rd period - Stopped by Marty Turco without a rebound.
1:55 of 3rd period - Evgeni Malkin wins face-off versus Pierre-Marc Bouchard in Capitals zone.
2:06 of 3rd period - Snap shot by Patrick Kaleta.
2:06 of 3rd period - Stopped by Marty Turco with a rebound.
2:08 of 3rd period - Wrist shot by Pierre-Marc Bouchard.
2:08 of 3rd period - Deflect By Patrick Kaleta.
2:08 of 3rd period - Shot Misses the Net.
2:08 of 3rd period - Puck is out of play.
2:09 of 3rd period - Evgeni Malkin wins face-off versus Patrick Marleau in Capitals zone.
2:34 of 3rd period - Steve Begin is hit by Sergei Gonchar and loses puck.
2:41 of 3rd period - Wrist shot by Nicklas Backstrom.
2:41 of 3rd period - Shot Misses the Net.
2:43 of 3rd period - Wrist shot by Nicklas Backstrom.
2:43 of 3rd period - Shot Misses the Net.
2:55 of 3rd period - Snap shot by Pascal Dupuis.
2:55 of 3rd period - Stopped by Marty Turco without a rebound.
2:56 of 3rd period - Vernon Fiddler wins face-off versus Anze Kopitar in Capitals zone.
3:03 of 3rd period - Wrist shot by Vernon Fiddler.
3:03 of 3rd period - Shot Hit the Post.
3:05 of 3rd period - Snap shot by Eric Nystrom.
3:05 of 3rd period - Stopped by Marty Turco with a rebound.
3:07 of 3rd period - Slapshot by Scott Niedermayer.
3:07 of 3rd period - Stopped by Marty Turco without a rebound.
3:08 of 3rd period - Evgeni Malkin wins face-off versus Patrick Marleau in Capitals zone.
3:33 of 3rd period - Nicklas Backstrom is hit by Steve Begin and loses puck.
4:35 of 3rd period - Snap shot by Ilya Kovalchuk.
4:35 of 3rd period - Shot Blocked by Evgeni Malkin.
4:37 of 3rd period - Snap shot by Glen Murray.
4:37 of 3rd period - Stopped by Marty Turco without a rebound.
4:38 of 3rd period - Evgeni Malkin wins face-off versus Glen Murray in Capitals zone.
4:38 of 3rd period - Evgeni Malkin is hit by Joe Pavelski.
4:49 of 3rd period - Minor Penalty to Evgeni Malkin for Hooking.
4:50 of 3rd period - Steve Begin wins face-off versus Jordan Staal in Capitals zone.
4:51 of 3rd period - Snap shot by Ilya Kovalchuk.
4:51 of 3rd period - Stopped by Marty Turco with a rebound.
4:53 of 3rd period - Snap shot by Steve Begin.
4:53 of 3rd period - Shot Misses the Net.
4:55 of 3rd period - Snap shot by Joe Pavelski.
4:55 of 3rd period - Oilers goal is going for a video replay.
4:55 of 3rd period - The goal is good.
4:55 of 3rd period - Goal by Joe Pavelski - Capitals : 0 - Oilers : 3.
4:56 of 3rd period - Patrick Marleau wins face-off versus Evgeni Malkin in neutral zone.
5:01 of 3rd period - Backhand shot by Scott Niedermayer.
5:01 of 3rd period - Stopped by Marty Turco without a rebound.
5:02 of 3rd period - Evgeni Malkin wins face-off versus Patrick Marleau in Capitals zone.
5:02 of 3rd period - Evgeni Malkin is hit by Scott Niedermayer.
5:12 of 3rd period - Backhand shot by Corey Perry.
5:12 of 3rd period - Shot Misses the Net.
5:28 of 3rd period - Snap shot by Nicklas Backstrom.
5:28 of 3rd period - Shot Misses the Net.
5:30 of 3rd period - Slapshot by Sergei Gonchar.
5:30 of 3rd period - Goal by Sergei Gonchar - Capitals : 1 - Oilers : 3.
5:31 of 3rd period - Patrick Marleau wins face-off versus Corey Perry in neutral zone.
5:33 of 3rd period - Minor Penalty to Ilya Kovalchuk for Holding.
5:34 of 3rd period - Evgeni Malkin wins face-off versus Erik Rasmussen in Oilers zone.
5:35 of 3rd period - Snap shot by Thomas Vanek.
5:35 of 3rd period - Deflect By Evgeni Malkin.
5:35 of 3rd period - Stopped by Cam Ward without a rebound.
5:36 of 3rd period - Evgeni Malkin wins face-off versus Erik Rasmussen in Oilers zone.
5:47 of 3rd period - Snap shot by Corey Perry.
5:47 of 3rd period - Stopped by Cam Ward without a rebound.
5:48 of 3rd period - Vernon Fiddler wins face-off versus Evgeni Malkin in Oilers zone.
6:44 of 3rd period - Icing by Evgeni Malkin.
6:45 of 3rd period - Steve Begin wins face-off versus Evgeni Malkin in Capitals zone.
6:50 of 3rd period - Wrist shot by Erik Rasmussen.
6:50 of 3rd period - Stopped by Marty Turco with a rebound.
6:52 of 3rd period - Wrist shot by Erik Rasmussen.
6:52 of 3rd period - Shot Blocked by Evgeni Malkin.
7:33 of 3rd period - Penalty to Ilya Kovalchuk is over, Ilya Kovalchuk is back on ice.
7:42 of 3rd period - Ilya Kovalchuk is hit by Brian Rafalski and loses puck.
7:58 of 3rd period - Off-side.
7:59 of 3rd period - Pierre-Marc Bouchard wins face-off versus Brian Rolston in neutral zone.
8:10 of 3rd period - Snap shot by Anze Kopitar.
8:10 of 3rd period - Stopped by Cam Ward without a rebound.
8:11 of 3rd period - Evgeni Malkin wins face-off versus Patrick Marleau in Oilers zone.
8:36 of 3rd period - Rob Scuderi is hit by Dennis Wideman.
8:40 of 3rd period - Slapshot by Blake Wheeler.
8:40 of 3rd period - Stopped by Cam Ward without a rebound.
8:41 of 3rd period - Nicklas Backstrom wins face-off versus Vernon Fiddler in Oilers zone.
8:41 of 3rd period - Minor Penalty to Ian White for Hooking.
8:42 of 3rd period - Evgeni Malkin wins face-off versus Vernon Fiddler in Oilers zone.
9:03 of 3rd period - Icing by Corey Perry.
9:04 of 3rd period - Evgeni Malkin wins face-off versus Vernon Fiddler in Capitals zone.
9:21 of 3rd period - Snap shot by Thomas Vanek.
9:21 of 3rd period - Deflect By Evgeni Malkin.
9:21 of 3rd period - Stopped by Cam Ward with a rebound.
9:27 of 3rd period - Snap shot by Evgeni Malkin.
9:27 of 3rd period - Stopped by Cam Ward with a rebound.
9:29 of 3rd period - Wrist shot by Corey Perry.
9:29 of 3rd period - Stopped by Cam Ward without a rebound.
9:30 of 3rd period - Anze Kopitar wins face-off versus Erik Rasmussen in Oilers zone.
10:41 of 3rd period - Penalty to Ian White is over, Ian White is back on ice.
10:49 of 3rd period - Wrist shot by Ilya Kovalchuk.
10:49 of 3rd period - Shot Misses the Net.
10:53 of 3rd period - Wrist shot by Joe Pavelski.
10:53 of 3rd period - Shot Misses the Net.
10:55 of 3rd period - Wrist shot by Patrick Marleau.
10:55 of 3rd period - Shot Misses the Net.
10:57 of 3rd period - Snap shot by Ilya Kovalchuk.
10:57 of 3rd period - Shot Misses the Net.
11:52 of 3rd period - Nicklas Backstrom is hit by Ilya Kovalchuk and loses puck.
12:19 of 3rd period - Snap shot by Patrick Marleau.
12:19 of 3rd period - Shot Misses the Net.
13:17 of 3rd period - Icing by Johnny Boychuk.
13:18 of 3rd period - Vernon Fiddler wins face-off versus Evgeni Malkin in Capitals zone.
13:19 of 3rd period - Wrist shot by Pascal Dupuis.
13:19 of 3rd period - Goal by Pascal Dupuis - Capitals : 1 - Oilers : 4.
13:20 of 3rd period - Evgeni Malkin wins face-off versus Patrick Marleau in neutral zone.
13:22 of 3rd period - Brian Rafalski is hit by Ilya Kovalchuk and loses puck.
15:32 of 3rd period - Wrist shot by Corey Perry.
15:32 of 3rd period - Shot Misses the Net.
15:42 of 3rd period - Wrist shot by Corey Perry.
15:42 of 3rd period - Shot Blocked by Dan Hamhuis.
15:59 of 3rd period - Off-side.
16:00 of 3rd period - Pierre-Marc Bouchard wins face-off versus Nicklas Backstrom in neutral zone.
16:28 of 3rd period - Slapshot by Mark Fistric.
16:28 of 3rd period - Shot Blocked by Thomas Vanek.
16:50 of 3rd period - Slapshot by Brian Rolston.
16:50 of 3rd period - Stopped by Cam Ward with a rebound.
16:52 of 3rd period - Slapshot by Brian Rafalski.
16:52 of 3rd period - Stopped by Cam Ward without a rebound.
16:53 of 3rd period - Anze Kopitar wins face-off versus Patrick Marleau in Oilers zone.
16:56 of 3rd period - Snap shot by Brian Rolston.
16:56 of 3rd period - Stopped by Cam Ward without a rebound.
16:57 of 3rd period - Patrick Marleau wins face-off versus Evgeni Malkin in Oilers zone.
17:06 of 3rd period - Snap shot by Ilya Kovalchuk.
17:06 of 3rd period - Stopped by Marty Turco with a rebound.
17:08 of 3rd period - Snap shot by Joe Pavelski.
17:08 of 3rd period - Shot Misses the Net.
17:10 of 3rd period - Slapshot by Ian White.
17:10 of 3rd period - Shot Misses the Net.
17:12 of 3rd period - Snap shot by Joe Pavelski.
17:12 of 3rd period - Stopped by Marty Turco with a rebound.
17:24 of 3rd period - Snap shot by Dan Hamhuis.
17:24 of 3rd period - Stopped by Marty Turco with a rebound.
17:26 of 3rd period - Snap shot by Erik Rasmussen.
17:26 of 3rd period - Shot Blocked by Blake Wheeler.
17:39 of 3rd period - Minor Penalty to Eric Nystrom for Interference.
17:40 of 3rd period - Erik Rasmussen wins face-off versus Evgeni Malkin in Oilers zone.
17:55 of 3rd period - Slapshot by Sergei Gonchar.
17:55 of 3rd period - Stopped by Cam Ward with a rebound.
18:19 of 3rd period - Slapshot by Sergei Gonchar.
18:19 of 3rd period - Shot Blocked by Rob Scuderi.
18:21 of 3rd period - Slapshot by Anze Kopitar.
18:21 of 3rd period - Stopped by Cam Ward with a rebound.
18:31 of 3rd period - Evgeni Malkin is hit by Rob Scuderi and loses puck.
19:39 of 3rd period - Penalty to Eric Nystrom is over, Eric Nystrom is back on ice.
19:57 of 3rd period - Patrick Kaleta is hit by Jason Chimera and loses puck.
Output by the SimonT Hockey Simulator (STHS) for François Prévost -- Original Page W3C XHTML 1.0 Valid